 Dungeon Crawl Stone Soup version 0.29.0-7-g18a832c13a (webtiles) character file.

Game seed: 17869006216020672952

361775 nickcage the Skullcrusher (level 21, -6/209 HPs)
             Began as a Minotaur Gladiator on Aug 30, 2022.
             Was the Champion of Qazlal.
             Killed from afar by a hellephant (54 damage)
             ... with a blast of flame
             ... on level 3 of the Abyss.
             The game lasted 02:53:39 (37110 turns).

nickcage the Skullcrusher (Minotaur Gladiator)     Turns: 37110, Time: 02:53:40

Health: -6/209     AC: 30    Str: 30    XL:     21   Next: 50%
Magic:  26/26      EV: 12    Int:  5    God:    Qazlal [******]
Gold:   4249       SH: 25    Dex: 12    Spells: 20/20 levels left

rFire   + + .      SeeInvis .   B - +6 shillelagh "Devastator" {shatter}
rCold   + . .      Faith    .   o - +2 kite shield {reflect}
rNeg    + + .      Spirit   .   P - +2 chain mail {rPois}
rPois   +          Reflect  +   U - +2 hat {Stlth+}
rElec   .          Harm     .   A - +0 cloak
rCorr   +          Rampage  .   j - +2 pair of gloves
Will    +....      Rage     3%  X - +2 pair of boots
Stlth   ..........              t - amulet of regeneration
HPRegen 1.24/turn               k - ring "Wummuec" {rN++ AC+4}
MPRegen 0.20/turn               b - ring "Coice" {rF+ rC+ rCorr Stlth+}

@: protected from fire, on berserk cooldown, slowed, studying Earth Magic, repel
missiles, very slow
A: horns 2, retaliatory headbutt, screaming 1, [berserk 1], [deformed body],
[deterioration 2]
}: 2/15 runes: decaying, serpentine
a: Renounce Religion, Upheaval, Elemental Force, Disaster Area


You were on level 3 of the Abyss.
You worshipped Qazlal.
Qazlal was exalted by your worship.
You visited 7 branches of the dungeon, and saw 38 of its levels.
You visited the Abyss 1 time.
You also visited: Ice Cave and Volcano.

You collected 5823 gold pieces.
You spent 1574 gold pieces at shops.

Inventory:

Hand Weapons
 l - a +0 demon whip of venom
 B - the +6 shillelagh "Devastator" (weapon) {shatter}
   (You found it on level 2 of the Dungeon)

   It releases a powerful concussive burst when it strikes, dealing extra damage
   to the target and all other foes adjacent to them.
 C - the +10 dark maul {vorpal}
   (You found it on level 14 of the Dungeon)

   It inflicts extra damage upon your enemies.
Missiles
 g - 11 curare-tipped darts
 i - 34 poisoned darts
 K - 5 javelins
Armour
 e - the +9 plate armour of the Okapi {Will- Dex+4 SInv}
   (You bought it in a shop on level 2 of the Orcish Mines)

   Dex:       It affects your dexterity (+4).
   SInv:      It lets you see invisible.
   Will:      It decreases your willpower.
 j - a +2 pair of gloves (worn)
 o - a +2 kite shield of reflection (worn)
 z - +0 storm dragon scales
 A - a +0 cloak (worn)
 P - a +2 chain mail of poison resistance (worn)
 U - a +2 hat of stealth (worn)
 X - a +2 pair of boots (worn)
Jewellery
 b - the ring "Coice" (right hand) {rF+ rC+ rCorr Stlth+}
   (You found it on level 3 of the Elven Halls)

   [ring of protection from fire]

   rF:        It protects you from fire.
   rC:        It protects you from cold.
   rCorr:     It protects you from acid and corrosion.
   Stlth:     It makes you more stealthy.
 k - the ring "Wummuec" (left hand) {rN++ AC+4}
   (You found it on level 10 of the Dungeon)

   [ring of protection]

   AC:        It affects your AC (+4).
   rN:        It greatly protects you from negative energy.
 t - an amulet of regeneration (around neck)
 v - a ring of protection from cold
 w - a ring of ice
 y - the amulet "Xubis" {Acrobat Rampage rC+ Int+2}
   (You found it on level 3 of the Elven Halls)

   [amulet of the acrobat]

   It increases your evasion while moving and waiting.
   Int:       It affects your intelligence (+2).
   rC:        It protects you from cold.
   Rampage:   It bestows one free step when moving towards enemies.
 Y - a +6 ring of dexterity
Wands
 m - a wand of charming (69) (quivered)
 s - a wand of digging (35)
 u - a wand of polymorph (5)
 J - a wand of mindburst (22)
 Q - a wand of flame (71)
 W - a wand of light (25)
 Z - a wand of roots (34)
Scrolls
 h - 6 scrolls of poison
 n - 16 scrolls of teleportation
 p - 9 scrolls of magic mapping
 q - 6 scrolls of butterflies
 E - 2 scrolls of fear
 F - 4 scrolls of enchant weapon
 I - a scroll of enchant armour
 L - a scroll of blinking
 O - 2 scrolls of silence
Potions
 a - 2 potions of invisibility
 c - a potion of resistance
 d - 2 potions of berserk rage
 f - 22 potions of curing
 r - 2 potions of ambrosia
 x - 9 potions of heal wounds
 D - 5 potions of haste
 G - a potion of magic
 N - 6 potions of flight
 R - 4 potions of cancellation
 V - 4 potions of might
Miscellaneous
 H - a piece from Xom's chessboard (15/15)
 M - a box of beasts
 S - a piece from Xom's chessboard (15/15)
 T - a phial of floods


   Skills:
 + Level 22.4 Fighting
 O Level 27 Maces & Flails
 - Level 2.1 Throwing
 + Level 23.2 Armour
 + Level 6.7 Dodging
 - Level 20.0 Shields
 * Level 9.2 Invocations


You had 20 spell levels left.
You didn't know any spells.
Your spell library contained the following spells:

 Spells                   Type           Power      Damage    Failure   Level
 Freeze                   Ice            0%         1d3       86%         1
 Necrotise                Necr           0%         1d4       86%         1
 Shock                    Conj/Air       0%         1d3       86%         1
 Slow                     Hex            0%         N/A       86%         1
 Blink                    Tloc           0%         N/A       95%         2
 Dazzling Flash           Conj/Hex       0%         N/A       99%         3
 Frozen Ramparts          Ice            0%         1d1       99%         3
 Portal Projectile        Hex/Tloc       0%         N/A       99%         3
 Spider Form              Tmut/Pois      0%         N/A       99%         3
 Swiftness                Air            0%         N/A       99%         3
 Tukima's Dance           Hex            0%         N/A       99%         3
 Vampiric Draining        Necr           0%         2d6       99%         3
 Airstrike                Air            0%         2d(0-16)  100%        4
 Anguish                  Hex/Necr       0%         N/A       100%        4
 Animate Dead             Necr           0%         N/A       100%        4
 Corpse Rot               Necr/Pois/Air  0%         N/A       100%        4
 Dispel Undead            Necr           0%         3d6       100%        4
 Hailstorm                Conj/Ice       0%         3d3       100%        4
 Ice Form                 Ice/Tmut       0%         N/A       100%        4
 Leda's Liquefaction      Hex/Erth       0%         N/A       100%        4
 Olgreb's Toxic Radiance  Pois           0%         N/A       100%        4
 Petrify                  Tmut/Erth      0%         N/A       100%        4
 Summon Ice Beast         Ice/Summ       0%         N/A       100%        4
 Agony                    Necr           0%         N/A       100%        5
 Blade Hands              Tmut           0%         N/A       100%        5
 Borgnjor's Vile Clutch   Necr/Erth      0%         N/A       100%        5
 Freezing Cloud           Conj/Ice/Air   0%         6-21      100%        5
 Irradiate                Conj/Tmut      0%         3d11      100%        5
 Manifold Assault         Tloc           0%         N/A       100%        5
 Metabolic Englaciation   Hex/Ice        0%         N/A       100%        5
 Silence                  Hex/Air        0%         N/A       100%        5
 Summon Forest            Summ/Tloc      0%         N/A       100%        5
 Death Channel            Necr           0%         N/A       100%        6
 Eringya's Noxious Bog    Tmut/Pois      0%         N/A       100%        6
 Simulacrum               Ice/Necr       0%         N/A       100%        6
 Statue Form              Tmut/Erth      0%         N/A       100%        6
 Dragon Form              Tmut           0%         N/A       100%        7
 Enfeeble                 Hex            0%         N/A       100%        7
 Malign Gateway           Summ/Tloc      0%         N/A       100%        7
 Ozocubu's Refrigeration  Ice            0%         4d7       100%        7
 Storm Form               Tmut/Air       0%         N/A       100%        7
 Summon Hydra             Summ           0%         N/A       100%        7
 Ignition                 Fire           0%         3d3       100%        8
 Summon Horrible Things   Summ           0%         N/A       100%        8
 Polar Vortex             Ice            0%         N/A       100%        9


Dungeon Overview and Level Annotations

Branches:
Dungeon (15/15)            Temple (0/1) D:7            Lair (5/5) D:8
  Swamp (4/4) Lair:3        Snake (4/4) Lair:2        Slime (0/5) Lair:5
    Orc (2/2) D:9             Elf (3/3) Orc:2        Vaults (4/5) D:14
  Crypt (0/3) Vaults:3     Depths (0/4) D:15          IceCv (visited)
Volcano (visited)

Altars:
Ashenzari
Cheibriados
Elyvilon
Fedhas
Gozag
Kikubaaqudgha
Makhleb
Okawaru
Qazlal
Ru
Trog
Vehumet
Xom
Yredelemnul
Zin

Shops:
D:4 [   D:6 *   D:10 **   Orc:2 [?**?   Snake:2 =:=   Snake:3 [:[   Vaults:1 (

Portals:
Hell: Lair:5
Abyss: Elf:1

Annotations:
Elf:1 2 transporters, Heg Cuhi's ghost, adept MiFi
Elf:2 3 runed translucent doors, Ewetirimn's ghost, adept MiBe
Vaults:3 3 runed translucent doors, Kare Xaoge's ghost, adept DgTm; Kipt's ghost, adept SpFE; TuffENuff's ghost, veteran FoFi; Ugguttuj's ghost, veteran DrWn; rgbqcd's ghost, veteran MiBe


Innate Abilities, Weirdness & Mutations

You have a pair of horns on your head.
You reflexively headbutt those who attack you in melee.
You occasionally shout uncontrollably at your foes.
[You sometimes lose your temper in combat.]
[Armour fits poorly on your strangely shaped body.]
[Your body often deteriorates upon taking damage.]


Message History

The bone dragon is moderately damaged.
You kill the iron imp!
Qazlal accepts your kill.
The hellephant is moderately wounded.
You headbutt the bone dragon, but do no damage.
The bone dragon is moderately damaged.
You block the bone dragon's attack. The bone dragon barely misses you.
You block the bone dragon's attack.
You hit the bone dragon.
The bone dragon, the ufetubus and the hellephant shudder.
The bone dragon is heavily damaged.
You kill the ufetubus!
The ufetubus disappears in a puff of smoke!
The hellephant is moderately wounded.
You headbutt the bone dragon, but do no damage.
The bone dragon is heavily damaged.
You block the hellephant's attack. x2
The hellephant gores you but does no damage.
You sock the hellephant!
The hellephant and the bone dragon shudder.
The hellephant is heavily wounded.
The bone dragon is heavily damaged.
The hellephant is heavily wounded.
The bone dragon bites you!
* * * LOW HITPOINT WARNING * * *
The bone dragon claws you but does no damage.
The bone dragon tramples you but does no damage.
You block the hellephant's attack. x3; The bone dragon bites you!
* * * LOW HITPOINT WARNING * * *
You feel more protected from physical attacks.
The bone dragon misses you.
The bone dragon tramples you but does no damage.
You barely miss the bone dragon.
You headbutt the bone dragon, but do no damage.
The bone dragon is heavily damaged.
You hear a roar!
The hellephant breathes flames at you. The blast of flame hits you!!!
You resist.
Your resistance to physical damage fades away.
You feel protected from fire.
You die...

.~.~~~~~~ ~ ~~≈ ≈
..#.#...##...##. ##
...#...#.......
#.........#.......
#....#...#.... .. .
............. .
####..#.§.○.......
#.......#5Y§##....#
.
###.....53∩D@§°.∩##.
##. ...)#5##....#...
...#...####○§.....
#.. #..## .#...... #
##. . #...... # . .#
.#.# .....# .#. .#
.∩... #.. #.. ##
###.. #.. . ... # .#


You could see a bone dragon, a hellephant (catching breath), a ynoxinul and 3
ufetubi.

Vanquished Creatures
  Vashnia (Snake:4)
  Jorgrun (D:12)
  2 deep elf blademasters (Elf:3)
  2 deep elf master archers (Elf:3)
  A lich (Vaults:3)
  A tentacled starspawn (Abyss:3)
  An ancient champion (Vaults:3)
  Gastronok (D:8)
  4 sphinxes
  Kirke (Swamp:1)
  A tengu reaver (Vaults:4)
  6 thorn hunters
  Donald (Vaults:1)
  5 nagarajas (Snake:4)
  2 storm dragons
  A shadow dragon (Vaults:4)
  Aizul (Snake:2)
  A ghost moth (shapeshifter) (Elf:3)
  8 vault wardens
  6 deep elf sorcerers
  An orc warlord (Vaults:3)
  2 deep elf elementalists (Elf:3)
  6 ghouls
  9 ironbound preservers
  2 war gargoyles (Vaults:2)
  8 ironbound thunderhulks
  A stone giant (Volcano)
  3 very ugly things (Vaults:3)
  10 eleionomae
  A dire elephant (Lair:5)
  7 deep elf annihilators (Elf:3)
  Nessos (D:15)
  Azrael (D:12)
  2 entropy weavers
  7 deep elf demonologists
  8 bunyips
  6 deep elf death magi (Elf:3)
  An ettin (shapeshifter) (D:15)
  2 ettins
  5 deep elf high priests
  4 shambling mangroves
  Josephine (D:10)
  4 great orbs of eyes
  7 yaktaur captains
  3 salamander tyrants (Snake:4)
  15 hydras
  27 vault guards
  4 boulder beetles
  Harold (D:9)
  A peacekeeper (Vaults:2)
  17 anacondas
  Erolcha (D:10)
  A spriggan air mage (Swamp:2)
  2 catoblepae (D:14)
  5 alligators
  14 centaur warriors
  4 ogre magi
  8 naga warriors
  The ghost of Vadun the Blocker, a journeyman GrFi of Gozag (D:9)
  10 ironbound frosthearts
  6 two-headed ogres
  Erica (Lair:1)
  3 tengu warriors
  A deep troll earth mage (D:14)
  3 thrashing horrors (Abyss:3)
  31 dancing weapons
  4 orc high priests
  A vampire mage (Vaults:3)
  14 naga sharpshooters
  Urug (D:11)
  Sonja (D:12)
  2 shock serpents (Snake:3)
  19 deep elf knights
  A wretched star (Abyss:3)
  Amaemon (D:10)
  2 sixfirhies
  4 skeletal warriors
  A titan skeleton (Vaults:2)
  3 salamander mystics
  3 naga ritualists
  4 spriggan druids
  27 deep trolls
  A flayed ghost (Abyss:3)
  7 goliath frogs
  A glowing orange brain (Abyss:3)
  10 bog bodies
  9 lindwurms
  4 large abominations (Abyss:3)
  8 wizards
  A phantasmal warrior (Vaults:3)
  10 swamp dragons
  11 deep elf archers
  13 ironbound convokers
  A harpy (Vaults:5)
  29 deep elf pyromancers
  37 deep elf zephyrmancers
  2 necromancers
  20 salamanders
  25 ugly things
  5 orc sorcerers (Orc:2)
  An oklob plant (Swamp:2)
  2 will-o-the-wisps
  3 cyclopes
  17 orc knights
  A salamander (shapeshifter) (Elf:2)
  A shining eye (shapeshifter) (Vaults:4)
  6 mana vipers
  6 manticores
  Joseph (D:8)
  4 guardian serpents
  10 vault sentinels
  2 smoke demons (Abyss:3)
  A molten gargoyle (Volcano)
  41 black mambas
  11 naga magi
  4 orange demons
  A human skeleton (Vaults:2)
  3 ice statues (IceCv)
  An unseen horror (D:11)
  2 efreet
  11 cane toads
  4 gargoyles
  Psyche (D:12)
  22 yaktaurs
  Maggie (D:9)
  A kobold demonologist (D:12)
  6 rime drakes
  3 tengu conjurers (D:14)
  6 komodo dragons
  A hellwing (Lair:5)
  An ancient zyme (Abyss:3)
  3 ice devils (Lair:5)
  3 polar bears
  A meliai (shapeshifter) (D:14)
  8 trolls
  16 hornets
  11 tyrant leeches
  15 slime creatures
  14 blink frogs
  4 dream sheep (Lair:5)
  3 air elementals
  4 centaur simulacra
  An elf simulacrum (Vaults:2)
  Sigmund (D:4)
  9 spriggans
  A dire elephant simulacrum (IceCv)
  5 wyverns
  2 vampires (D:11)
  7 water elementals
  7 basilisks
  2 hogs (Swamp:1)
  7 wraiths
  2 fire bats (Volcano)
  9 fire elementals
  A human (Swamp:1)
  37 yaks
  A yak (shapeshifter) (D:14)
  Grum (D:9)
  A steam dragon (D:8)
  A small abomination (Abyss:3)
  A redback (Vaults:3)
  A chaos spawn (Abyss:3)
  18 swamp worms
  2 vampire mosquitoes (Swamp:3)
  2 harpy simulacra (IceCv)
  31 nagas
  13 water moccasins
  A hydra simulacrum (IceCv)
  7 wargs
  An acid dragon (D:11)
  6 hell hounds
  3 floating eyes (D:15)
  Duvessa (D:4)
  A floating eye (shapeshifter) (D:14)
  4 ice beasts
  A meliai simulacrum (D:15)
  8 swamp drakes
  2 sky beasts
  A human zombie (Vaults:2)
  39 orc warriors
  3 black bears
  9 ogres
  22 wolves
  6 centaurs
  An ettin simulacrum (Vaults:2)
  A kobold brigand (D:9)
  2 gnoll sergeants
  18 bullfrogs
  A necrophage (Swamp:3)
  5 earth elementals
  2 cane toad simulacra (IceCv)
  A scorpion (D:6)
  7 wights (D:7)
  Dowan (D:4)
  A hornet simulacrum (D:15)
  An oklob sapling (Swamp:2)
  2 elephant simulacra (IceCv)
  3 killer bees (D:7)
  5 howler monkeys
  An electric eel (D:13)
  3 lava snakes (Volcano)
  Crazy Yiuf (D:2)
  5 hounds
  A gnoll bouda (Lair:5)
  25 orc priests
  2 jellies (D:5)
  An iron imp (Abyss:3)
  Jessica (D:2)
  6 iguanas
  5 hell rats (Lair:3)
  38 orc wizards
  A polar bear simulacrum (IceCv)
  3 gnolls (D:10)
  6 adders
  A shadow imp (D:5)
  20 white imps
  6 ufetubi
  A worm (D:2)
  5 dart slugs
  105 orcs
  6 bats
  9 endoplasms
  2 giant cockroaches
  7 goblins
  10 hobgoblins
  4 jackals
  5 quokkas
  10 ball pythons
  2 frilled lizards (D:1)
  5 kobolds
  2 rats (D:1)
  12 briar patches (Swamp:4)
1484 creatures vanquished.

Vanquished Creatures (collateral kills)
  A deep elf blademaster (Elf:3)
1 creature vanquished.

Vanquished Creatures (others)
  Asterion (Elf:2)
  A deep elf elementalist (Elf:3)
  3 deep elf knights
  2 deep elf pyromancers (Elf:2)
  2 bloated husks (Swamp:2)
  4 foxfires (Swamp:3)
  32 fungi
  A lurking horror (Abyss:2)
  45 plants
  8 starspawn tentacles
99 creatures vanquished.

Grand Total: 1584 creatures vanquished

Notes
Turn   | Place    | Note
-------+----------+-------------------------------------------
     0 | D:1      | nickcage the Minotaur Gladiator began the quest for the
                  | Orb.
     0 | D:1      | Reached XP level 1. HP: 18/18 MP: 0/0
   163 | D:1      | Reached XP level 2. HP: 25/25 MP: 1/1
   253 | D:1      | Reached skill level 4 in Maces & Flails
   563 | D:1      | Reached XP level 3. HP: 28/30 MP: 2/2
  1134 | D:1      | Reached skill level 5 in Maces & Flails
  1666 | D:2      | Noticed Jessica
  1670 | D:2      | Killed Jessica
  1671 | D:2      | Reached XP level 4. HP: 36/37 MP: 3/3
  1846 | D:2      | Found Sosmat's General Store.
  2095 | D:2      | Found a runed translucent door.
  2095 | D:2      | Found the +6 shillelagh "Devastator" {shatter}
  2096 | D:2      | Noticed Crazy Yiuf
  2103 | D:2      | Killed Crazy Yiuf
  2104 | D:2      | Reached skill level 6 in Maces & Flails
  2338 | D:3      | Found a white marble altar of Elyvilon.
  2429 | D:3      | Reached XP level 5. HP: 42/42 MP: 4/4
  2554 | D:3      | Reached skill level 7 in Maces & Flails
  2842 | D:4      | Noticed Dowan
  2843 | D:4      | Noticed Duvessa
  3111 | D:4      | Killed Duvessa
  3112 | D:4      | Reached skill level 8 in Maces & Flails
  3112 | D:4      | Reached XP level 6. HP: 44/50 MP: 5/5
  3118 | D:4      | Killed Dowan
  3170 | D:4      | Reached skill level 9 in Maces & Flails
  3325 | D:4      | Reached XP level 7. HP: 56/56 MP: 6/6
  3342 | D:4      | Noticed Sigmund
  3355 | D:4      | Killed Sigmund
  3356 | D:4      | Reached skill level 10 in Maces & Flails
  3653 | D:4      | Found Ugiotudgh's Antique Armour Boutique.
  3889 | D:5      | Entered Level 5 of the Dungeon
  3945 | D:5      | Reached skill level 11 in Maces & Flails
  4077 | D:5      | Reached XP level 8. HP: 62/62 MP: 7/7
  4088 | D:5      | Reached skill level 12 in Maces & Flails
  4281 | D:5      | Found a bloodstained altar of Trog.
  4586 | D:6      | Reached skill level 13 in Maces & Flails
  4606 | D:6      | Found a sacrificial altar of Ru.
  4681 | D:6      | Found Kico's Fire Supplies.
  5020 | D:6      | Found an opulent altar of Gozag.
  5308 | D:7      | Found a stormy altar of Qazlal.
  5316 | D:7      | Became a worshipper of Qazlal Stormbringer
  5397 | D:7      | Reached skill level 14 in Maces & Flails
  5398 | D:7      | Reached XP level 9. HP: 67/68 MP: 8/8
  5607 | D:7      | Reached skill level 15 in Maces & Flails
  5661 | D:7      | Found a staircase to the Ecumenical Temple.
  5709 | D:7      | Found a basalt altar of Yredelemnul.
  5711 | D:7      | Found a snail-covered altar of Cheibriados.
  5712 | D:7      | Found a radiant altar of Vehumet.
  5715 | D:7      | Found an ancient bone altar of Kikubaaqudgha.
  5977 | D:8      | Reached * piety under Qazlal
  5999 | D:8      | Found a staircase to the Lair.
  6004 | D:8      | Reached skill level 16 in Maces & Flails
  6013 | D:8      | Reached skill level 1 in Armour
  6039 | D:8      | Noticed Joseph
  6053 | D:8      | Killed Joseph
  6097 | D:8      | Reached XP level 10. HP: 70/77 MP: 9/9
  6136 | D:8      | Noticed Gastronok
  6207 | D:8      | Killed Gastronok
  6208 | D:8      | Reached skill level 17 in Maces & Flails
  6384 | D:8      | Found a blossoming altar of Fedhas.
  6514 | D:9      | Found a runed translucent gate.
  6514 | D:9      | Found a runed translucent gate.
  6514 | D:9      | Found a runed translucent gate.
  6517 | D:9      | Noticed Vadun's ghost (journeyman GrFi)
  6628 | D:9      | Noticed Maggie
  6641 | D:9      | Killed Maggie
  6757 | D:9      | Noticed Grum
  6769 | D:9      | Killed Grum
  6772 | D:9      | Reached ** piety under Qazlal
  6778 | D:9      | Reached skill level 5 in Fighting
  6828 | D:9      | Reached skill level 5 in Armour
  6856 | D:9      | Identified the +1 leather armour of the King of the Hill
                  | {rElec}
  7016 | D:9      | Reached skill level 18 in Maces & Flails
  7027 | D:9      | Reached XP level 11. HP: 74/89 MP: 10/10
  7290 | D:9      | Found a staircase to the Orcish Mines.
  7320 | D:9      | Identified a scroll of acquirement
  7320 | D:9      | Acquired a +5 vorpal dire flail
  7424 | D:9      | Noticed Harold
  7437 | D:9      | Killed Harold
  7888 | D:10     | Entered Level 10 of the Dungeon
  7938 | D:10     | Noticed Josephine
  7955 | D:10     | Killed Josephine
  7955 | D:10     | Reached *** piety under Qazlal
  7998 | D:10     | Noticed a two-headed ogre
  8001 | D:10     | Killed a two-headed ogre
  8031 | D:10     | Identified the +2 robe of Freedom {Str+3 Dex+2}
  8154 | D:10     | Noticed a two-headed ogre
  8158 | D:10     | Killed a two-headed ogre
  8159 | D:10     | Reached skill level 19 in Maces & Flails
  8159 | D:10     | Reached skill level 1 in Shields
  8172 | D:10     | Identified the ring "Wummuec" {rN++ AC+4}
  8234 | D:10     | Found a glowing silver altar of Zin.
  8260 | D:10     | Found Ixzy's Specific Store.
  8263 | D:10     | Found Asownor's General Store.
  8296 | D:10     | Noticed Amaemon
  8308 | D:10     | Killed Amaemon
  8446 | D:10     | Noticed Erolcha
  8454 | D:10     | Killed Erolcha
  8684 | D:11     | Noticed Urug
  8691 | D:11     | Killed Urug
  8733 | D:11     | Reached skill level 5 in Shields
  8794 | D:11     | Reached XP level 12. HP: 101/101 MP: 11/11
  9046 | D:11     | Noticed a boulder beetle
  9057 | D:11     | Killed a boulder beetle
  9402 | Lair:1   | Entered Level 1 of the Lair of Beasts
  9406 | Lair:1   | Reached **** piety under Qazlal
  9557 | Lair:1   | Noticed Erica
  9574 | Lair:1   | Killed Erica
 10434 | Lair:2   | Found a dark tunnel.
 10441 | Volcano  | Entered a volcano
 10757 | Volcano  | Found a radiant altar of Vehumet.
 10762 | Volcano  | Reached skill level 10 in Shields
 10841 | Volcano  | Noticed a stone giant
 10848 | Volcano  | Killed a stone giant
 11167 | Lair:2   | Found a staircase to the Snake Pit.
 11421 | Lair:2   | Noticed a five-headed hydra
 11425 | Lair:2   | Killed a five-headed hydra
 11466 | Lair:2   | Reached XP level 13. HP: 64/107 MP: 12/12
 12139 | Lair:3   | Found a broken altar of Ashenzari.
 12546 | Lair:3   | Reached skill level 1 in Invocations
 12651 | Lair:3   | Found a staircase to the Swamp.
 12741 | Lair:4   | Reached ***** piety under Qazlal
 12843 | Lair:4   | Found a blossoming altar of Fedhas.
 13335 | Lair:5   | Entered Level 5 of the Lair of Beasts
 13346 | Lair:5   | Reached skill level 15 in Shields
 13430 | Lair:5   | Found a frozen archway.
 13472 | IceCv    | Entered an ice cave
 13531 | IceCv    | Reached skill level 10 in Armour
 13655 | Lair:5   | Reached ****** piety under Qazlal
 13670 | Lair:5   | Noticed a dire elephant
 13675 | Lair:5   | Reached XP level 14. HP: 118/118 MP: 16/16
 13763 | Lair:5   | Found a burning altar of Makhleb.
 14258 | Lair:5   | Found a staircase to the Slime Pits.
 14505 | Lair:5   | Found a gateway to Hell.
 14782 | D:12     | Noticed Jorgrun
 14787 | D:12     | Noticed Sonja
 14794 | D:12     | Killed Jorgrun
 14802 | D:12     | Killed Sonja
 14811 | D:12     | Noticed Azrael
 14826 | D:12     | Killed Azrael
 14928 | D:12     | Reached skill level 15 in Armour
 14979 | D:12     | Noticed Psyche
 14983 | D:12     | Killed Psyche
 15135 | D:12     | Reached skill level 20 in Maces & Flails
 16487 | D:14     | Found the +10 dark maul {vorpal}
 16553 | D:14     | Reached XP level 15. HP: 124/124 MP: 17/17
 16659 | D:14     | Noticed Nessos
 16670 | D:14     | You fall into a shaft and drop 1 floor!
 16670 | D:15     | Entered Level 15 of the Dungeon
 16820 | D:15     | Found a radiant altar of Vehumet.
 17248 | D:14     | Found a gate to the Vaults.
 18004 | D:15     | Killed Nessos
 18005 | D:15     | Reached skill level 21 in Maces & Flails
 18084 | D:15     | Paralysed by a floating eye for 2 turns
 18091 | D:15     | Paralysed by a floating eye for 3 turns
 18290 | D:15     | Paralysed by a floating eye for 4 turns
 18348 | D:15     | Paralysed by a floating eye for 3 turns
 18623 | D:15     | Found a staircase to the Depths.
 19021 | Orc:1    | Entered Level 1 of the Orcish Mines
 19498 | Orc:2    | Entered Level 2 of the Orcish Mines
 19498 | Orc:2    | Found Ciufoal's Magic Scroll Shoppe.
 19530 | Orc:2    | Bought a scroll of teleportation for 39 gold pieces
 19530 | Orc:2    | Bought a scroll of enchant armour for 97 gold pieces
 19530 | Orc:2    | Bought a scroll of enchant armour for 97 gold pieces
 19549 | Orc:2    | Paralysed by an orc sorcerer for 4 turns
 19627 | Orc:2    | Found a staircase to the Elven Halls.
 19797 | Orc:2    | Found Jesa's Assorted Antiques.
 19797 | Orc:2    | Found Baymugge's Armour Shop.
 19842 | Orc:2    | Reached skill level 22 in Maces & Flails
 19939 | Orc:2    | Found Kagomycu's Magic Scroll Shoppe.
 19967 | Orc:2    | Found Rigusos's General Store.
 19980 | Orc:2    | Bought a scroll of enchant weapon for 90 gold pieces
 19983 | Orc:2    | Bought the +9 plate armour of the Okapi {Will- Dex+4 SInv}
                  | for 1251 gold pieces
 20307 | Elf:1    | Entered Level 1 of the Elven Halls
 20330 | Elf:1    | Noticed a deep elf blademaster
 20330 | Elf:1    | Noticed Heg Cuhi's ghost (adept MiFi)
 20330 | Elf:1    | Noticed a hellephant
 20331 | Elf:1    | Noticed a daeva
 20338 | Elf:1    | Found a transporter.
 20339 | Elf:1    | Found a one-way gate to the infinite horrors of the Abyss.
 20348 | Elf:1    | Found a transporter.
 20355 | Elf:1    | Identified the +6 chain mail of Claustrophobia {Rampage
                  | Will+}
 20560 | Elf:1    | Reached XP level 16. HP: 132/132 MP: 18/18
 21220 | Elf:2    | Found a runed translucent gate.
 21281 | Elf:2    | Found a shimmering altar of Xom.
 21335 | Elf:2    | Paralysed by an air elemental for 1 turns
 21363 | Elf:2    | Reached skill level 5 in Invocations
 21382 | Elf:2    | Found a runed translucent gate.
 21383 | Elf:2    | Found a runed translucent gate.
 21470 | Elf:2    | Found a runed translucent gate.
 21470 | Elf:2    | Found a runed translucent gate.
 21470 | Elf:2    | Found a runed translucent gate.
 21471 | Elf:2    | Noticed Ewetirimn's ghost (adept MiBe)
 21471 | Elf:2    | Identified the +2 leather armour of Makhleb's Generosity
                  | {rElec Str+4}
 21476 | Elf:2    | Found an iron altar of Okawaru.
 21547 | Elf:2    | Noticed Asterion
 21550 | Elf:2    | Reached skill level 10 in Fighting
 21753 | Elf:2    | Killed Asterion
 22275 | Elf:3    | Entered Level 3 of the Elven Halls
 22471 | Elf:3    | Noticed a deep elf blademaster
 22483 | Elf:3    | Killed a deep elf blademaster
 22486 | Elf:3    | Reached skill level 23 in Maces & Flails
 22500 | Elf:3    | Reached XP level 17. HP: 99/141 MP: 20/20
 23061 | Elf:3    | Paralysed by an air elemental for 1 turns
 23477 | Elf:3    | Noticed a Hell Sentinel
 23565 | Elf:3    | Noticed a deep elf blademaster
 23575 | Elf:3    | Killed a deep elf blademaster
 23577 | Elf:3    | Noticed a deep elf blademaster
 23579 | Elf:3    | Noticed a deep elf master archer
 23590 | Elf:3    | Killed a deep elf blademaster
 23780 | Elf:3    | Noticed a deep elf master archer
 23793 | Elf:3    | Noticed a Hell Sentinel
 23794 | Elf:3    | Killed a deep elf master archer
 23800 | Elf:3    | Killed a deep elf master archer
 24271 | Elf:3    | Identified the +6 short sword of Wizarding Execution {vamp,
                  | +Blink Will+ MP-9 Int+2}
 24280 | Elf:3    | Identified the +0 pair of gloves of Weak Birdsong {rF+
                  | Will+}
 24351 | Elf:3    | Reached XP level 18. HP: 133/157 MP: 21/21
 24375 | Elf:3    | Got Sif Muna's Compendium of Transmuted Execration
 24506 | Elf:3    | Identified the +3 long sword "Pexkiukk" {elec, Int+2}
 24525 | Elf:3    | Identified the amulet "Xubis" {Acrobat Rampage rC+ Int+2}
 24540 | Elf:3    | Identified the ring "Coice" {rF+ rC+ rCorr Stlth+}
 24873 | Swamp:1  | Entered Level 1 of the Swamp
 24935 | Swamp:1  | Noticed Kirke
 24940 | Swamp:1  | Killed Kirke
 26057 | Swamp:2  | Reached skill level 24 in Maces & Flails
 26796 | Swamp:3  | Reached skill level 15 in Fighting
 26826 | Swamp:3  | Identified the +10 trident of Girchusan {vorpal, rC- Will+
                  | Str+4 Dex+6}
 27212 | Swamp:4  | Entered Level 4 of the Swamp
 27648 | Swamp:4  | Reached XP level 19. HP: 155/172 MP: 22/22
 27776 | Swamp:4  | Got a decaying rune of Zot
 27981 | Snake:1  | Entered Level 1 of the Snake Pit
 28165 | Snake:1  | Reached skill level 25 in Maces & Flails
 28802 | Snake:2  | Noticed Aizul
 28813 | Snake:2  | Killed Aizul
 29069 | Snake:2  | Found a shimmering altar of Xom.
 29256 | Snake:2  | Found Idghasore's Jewellery Boutique.
 29256 | Snake:2  | Found Kyogonn's Book Emporium.
 29257 | Snake:2  | Found Avostreur's Jewellery Boutique.
 29843 | Snake:3  | Found Omiriacw's Armour Emporium.
 29847 | Snake:3  | Found Diney's Book Shoppe.
 29849 | Snake:3  | Found Jatheog's Antique Armour Emporium.
 30601 | Snake:4  | Entered Level 4 of the Snake Pit
 30913 | Snake:4  | Noticed Vashnia
 30925 | Snake:4  | Killed Vashnia
 31015 | Snake:4  | Got a serpentine rune of Zot
 31676 | Vaults:1 | Entered Level 1 of the Vaults
 31736 | Vaults:1 | Noticed Donald
 31748 | Vaults:1 | Killed Donald
 31756 | Vaults:1 | Reached XP level 20. HP: 193/193 MP: 23/23
 32364 | Vaults:1 | Found Uwibal's Weapon Emporium.
 33061 | Vaults:2 | Reached skill level 26 in Maces & Flails
 33513 | Vaults:2 | Identified the +1 shortbow "Cuanigh" {flame, rPois Str-4
                  | Int+7}
 34527 | Vaults:3 | Found a staircase to the Crypt.
 35087 | Vaults:3 | Found a runed translucent gate.
 35087 | Vaults:3 | Found a runed translucent gate.
 35087 | Vaults:3 | Found a runed translucent gate.
 35087 | Vaults:3 | Noticed rgbqcd's ghost (veteran MiBe)
 35087 | Vaults:3 | Noticed Ugguttuj's ghost (veteran DrWn)
 35087 | Vaults:3 | Noticed TuffENuff's ghost (veteran FoFi)
 35087 | Vaults:3 | Noticed Kare Xaoge's ghost (adept DgTm)
 35087 | Vaults:3 | Noticed Kipt's ghost (adept SpFE)
 35488 | D:9      | Killed Vadun's ghost
 36023 | Vaults:4 | Gained mutation: You occasionally shout uncontrollably at
                  | your foes. [a shining eye]
 36072 | Vaults:4 | Reached XP level 21. HP: 129/206 MP: 26/26
 36080 | Vaults:4 | Reached skill level 5 in Dodging
 36244 | Vaults:4 | Identified the +3 spear of Disharmony {drain, Dex+5}
 36436 | Vaults:4 | Reached skill level 27 in Maces & Flails
 36890 | Vaults:5 | Entered Level 5 of the Vaults
 36923 | Abyss:2  | Found a corrupted altar of Lugonu.
 36923 | Abyss:2  | Found a transporter.
 36923 | Abyss:2  | Cast into level 2 of the Abyss (a deep elf demonologist)
 36929 | Abyss:2  | Found a transporter.
 37110 | Abyss:3  | Killed from afar by a hellephant

Illustrated notes

Levels and vault maps discovered:
D:1:      dpeg_arrival_solitude, layout_basic, minmay_misc_feat_secret_circle
D:2:      layout_loops_ring, serial_shops, shop, uniq_jessica,
          uniq_crazy_yiuf_cottage
D:3:      layout_loops_ring, lemuel_doored_altar
D:4:      layout_basic, serial_shops, nicolae_shop_statue_plus, uniq_sigmund,
          uniq_duvessa
D:5:      layout_loops_ring, mainiacjoe_overflow_cross_hatched,
          hangedman_minor_gate_pass
D:6:      layout_loops_cross, nicolae_ru_sacrificial_ziggurat,
          nicolae_gozag_seed_capital, nicolae_shop_fire_sale
          [nicolae_sub_dead_trees]
D:7:      layout_loops_ring, nicolae_qazlal_scattered_showers, minitemple,
          minmay_temple_entry_junction, st_stairs_4
D:8:      layout_rooms, mainiacjoe_overflow_chevrons, erik_lair_orcish_takeover,
          uniq_gastronok, uniq_joseph
D:9:      layout_layer_cave, orc_0_dummy, ebering_ghost_rock_garden,
          minmay_alternating_orb, uniq_harold, uniq_grum, uniq_maggie
D:10:     layout_roguey, zin_scriptorium, hellmonk_bongcloud_opening,
          nicolae_specific_store, uniq_josephine, uniq_erolcha, uniq_amaemon
D:11:     layout_roguey, uniq_urug
D:12:     layout_rooms, uniq_sonja, uniq_jorgrun, uniq_azrael, uniq_psyche
D:13:     minmay_goldmine, layout_irregular_city, serial_ice, serial_ice_n,
          serial_ice_f, serial_ice_a, serial_ice_g, serial_ice_h, serial_ice_l,
          serial_ice_c
D:14:     minmay_roctagon, layout_basic, david_vaults_2, special_room
          [special_room_orc], nrook_campfire, uniq_nessos
D:15:     grunt_enter_depths_magical_seal, layout_stronghold,
          nicolae_vehumet_altar_sigil, onia_ninara_cookie
Lair:1:   layout_cave_pods, uniq_erica
Lair:2:   cheibrodos_lair_overgrown_chateau, layout_gridlike,
          guppyfry_snake_entry_island, lightli_volcano_entry_magma_tube,
          minmay_stone_trees_medium, eino_small_chamber_without_monster,
          st_stairs_7, serial_bayou_pond_e
Lair:3:   layout_cave_pods, minmay_swamp_entry_worms, basic_altar
Lair:4:   layout_loops_ring, basic_altar, wad_woods_road_01
Lair:5:   evil_forest, layout_regular_city, dpeg_slime_entry_enclosed,
          portal_ice_cave_entry_imps, dreamdust_gnoll_shepherd
Swamp:1:  layout_basic_swamp, evilmike_swamp_ruin_rubble_2, swamp_pool4,
          uniq_kirke
Swamp:2:  nicolae_swamp_phyte_club, layout_falls_marsh, serial_swamp_ruin,
          evilmike_swamp_ruin_house_3, evilmike_swamp_ruin_wall
Swamp:3:  layout_basic_swamp, hangedman_swamp_ruin_wall,
          nicolae_swamp_frolicking_bunyips
Swamp:4:  swamp_basic_johnstein, layout_basic_swamp, swamp_pool5
Snake:1:  kennysheep_six_static_rooms, layout_basic
Snake:2:  layout_grid_maze, basic_altar, drop_trap, minmay_shop_grove,
          lemuel_fruit_tree, uniq_aizul
Snake:3:  layout_layer_cave, minmay_shop_star
Snake:4:  grunt_snake_rune_serpentine_throne, layout_rooms, grunt_ministairs_9
Orc:1:    layout_caves, basic_altar
Orc:2:    st_orc_elflike, layout_caves, serial_shops, shop_statue
Elf:1:    layout_geoelf_octagon, gammafunk_ghost_abyssal_escape,
          minmay_elf_crystal_hexagon
Elf:2:    elven_hall_of_blades_hangedman_original
          [nicolae_blade_entry_diamond_columns], layout_rooms,
          gammafunk_ghost_fury_of_okawaru, david_defended_altar_elf,
          uniq_asterion
Elf:3:    minmay_elf_hall_spiked, layout_gridlike, elf_orc_summit_meeting
Vaults:1: v_misc_4, nicolae_vaults_circle_grid_b, hangedman_vaults_pinch,
          v_misc_8, vaults_room_fours, grunt_vaults_focal,
          vaults_room_stairs_pillars, nicolae_vaults_yaktaur_gun_rack,
          layout_vaults_chaotic_city, serial_shops,
          nicolae_shop_bloodbath_and_beyond, uniq_donald
Vaults:2: nicolae_vaults_little_squares_3, ontoclasm_vaults_hangar,
          nicolae_vaults_mini_display_case, vaults_room_large_hall,
          v_alt_pattern_6, vaults_room_ringed_pool, v_alt_pattern_3,
          nicolae_vaults_little_squares_3, vaults_room_corners,
          hangedman_vaults_impose, grunt_vaults_diagonal,
          grunt_vaults_hallway_long, nicolae_vaults_little_ls,
          layout_vaults_omnicross
Vaults:3: gammafunk_ghost_cemetery, nicolae_vaults_little_squares_6,
          nicolae_vaults_little_squares_6, minmay_crypt_entry_simple_walls,
          st_hourglassy, nicolae_vaults_ring_of_whatevers,
          layout_vaults_omnigrid
Vaults:4: vaults_room_fours, hangedman_vaults_capsules,
          hangedman_vaults_river_flow, dpeg_vaults_monster_row,
          hangedman_vaults_slice, vaults_room_grunt_arrival_ludios,
          hangedman_vaults_impose, vaults_mumra_lcd, layout_vaults_ring
Vaults:5: serial_shops
Abyss:3:  base:
Crypt:1

Skill      XL: |  1  2  3  4  5  6  7  8  9 10 11 12 13 14 15 16 17 18 19 20 21 |
---------------+----------------------------------------------------------------+-----
Maces & Flails | 4 5 6 8 9 11 14 16 18 19 20 22 23 24 25 26 27 | 27.0
Armour         | 2 6 8 10 18 20 21 22 23 | 23.2
Fighting       | 3 5 8 9 10 13 15 19 21 22 | 22.4
Shields        | 5 13 16 17 19 20 | 20.0
Invocations    | 4 6 8 9 |  9.2
Dodging        | 4 6 |  6.7
Throwing       | |  2.1

Action                   |  1- 3 |  4- 6 |  7- 9 | 10-12 | 13-15 | 16-18 | 19-21 || total
-------------------------+-------+-------+-------+-------+-------+-------+-------++-------
Melee: Flail             |    62 |    11 |       |       |       |       |       ||    73
       Headbutt          |    11 |     8 |    20 |    62 |   214 |   254 |   294 ||   863
       Punch             |     1 |     1 |       |     2 |       |       |       ||     4
       Shillelagh        |       |    57 |   154 |   316 |   918 |  1054 |  1045 ||  3544
       Mace              |       |     4 |       |       |       |       |       ||     4
       Demon whip        |       |       |       |       |       |    10 |       ||    10
Throw: Dart              |       |       |       |    19 |     6 |     2 |       ||    27
Invok: Upheaval          |       |       |       |       |     1 |     3 |       ||     4
       Elemental Force   |       |       |       |       |       |     1 |       ||     1
       Disaster Area     |       |       |       |       |       |       |     2 ||     2
Evoke: Wand              |       |       |       |       |     1 |       |       ||     1
  Use: Scroll            |       |       |     3 |    22 |    12 |       |     4 ||    41
       Potion            |       |       |       |       |       |       |     7 ||     7
 Stab: Petrified         |       |       |       |       |     3 |       |       ||     3
       Petrifying        |       |       |       |       |     1 |       |       ||     1
       Paralysed         |       |       |       |       |       |     1 |       ||     1
       Invisible         |       |       |       |       |       |       |     5 ||     5
Armor: Ring mail         |    10 |       |       |       |       |       |       ||    10
       Leather armour    |     2 |       |       |       |       |       |       ||     2
       Scale mail        |     8 |       |       |       |       |       |       ||     8
       Plate armour      |       |    31 |    50 |    18 |       |    38 |       ||   137
       Chain mail        |       |       |       |    22 |       |    98 |   280 ||   400
       Storm dragon scal |       |       |       |    48 |   249 |   198 |       ||   495
Dodge: Dodged            |    30 |    20 |    61 |    72 |   145 |   172 |   168 ||   668
       Repelled          |       |       |       |       |    11 |    24 |    11 ||    46
Block: Other             |       |       |     1 |     4 |       |       |     4 ||     9
       Kite shield       |       |       |       |    98 |   754 |   911 |   927 ||  2690
       Reflection        |       |       |       |       |       |       |    99 ||    99
